PUBAA
STITTSVILLE LIGHTNING @ SAVANNAH INDIANS
08/02/1972
 
TOP OF THE 1ST
Stittsville Lightning batting - Pitching for Savannah Indians : RHP Mike Jones
Pitching: RHP Mike Jones
Batting: LHB Lou McCarty 0-0: Called Strike
0-1: Ball
1-1: Bunt for hit to P - play at first, batter safe!
Batting: RHB Shawn Holmes 0-0: Foul Ball, location: 3SF
0-1: Foul Ball, location: 3F
0-2: Ball
1-2: Ball
2-2: Strikes out swinging
Batting: RHB Ben Thompson 0-0: Called Strike
0-1: Ball
1-1: Ball
2-1: Single, Error in OF, E8, batter to second base (Line Drive, 6MD, EV 102.5 MPH)
Lou McCarty to third
Batting: LHB Edward McCarthy 0-0: SINGLE (Line Drive, 4D, EV 98.1 MPH)
Lou McCarty scores
Ben Thompson to third
Batting: RHB Broderick Hutchins 0-0: Swinging Strike
0-1: Swinging Strike
0-2: Ball
1-2: Fly out, F9 (Line Drive, 9D, EV 110.0 MPH)
Runner from 3rd tags up, SCORES, throw by RF
Batting: RHB Adrián Pérez 0-0: Ball
1-0: Swinging Strike
1-1: SINGLE (Line Drive, 7S, EV 110.6 MPH)
Edward McCarthy to second
Batting: RHB Brian Gibson 0-0: Foul Ball, location: 9LSF
0-1: Called Strike
0-2: Foul Ball, location: 2F
0-2: Strikes out swinging
Top of the 1st over - 2 runs, 4 hits, 1 error, 2 left on base; Stittsville 2 - Savannah 0
BOTTOM OF THE 1ST
Savannah Indians batting - Pitching for Stittsville Lightning : RHP Mark Acosta
Pitching: RHP Mark Acosta
Batting: LHB Greg Parks 0-0: Called Strike
0-1: Swinging Strike
0-2: DOUBLE (Line Drive, 78D, EV 104.4 MPH)
Batting: LHB Octávio Herrera 0-0: Foul Ball, location: 2F
0-1: SINGLE (Line Drive, 3D, EV 101.3 MPH)
Greg Parks to third
Batting: RHB Cedric Young 0-0: SINGLE (Line Drive, 4MD, EV 103.1 MPH)
Greg Parks scores
Octávio Herrera to second
Batting: LHB Duke Sims 0-0: Called Strike
0-1: Fly out, F9 (Flyball, 89S, EV 90.0 MPH)
Batting: RHB Jeff Burroughs 0-0: Called Strike
0-1: Foul Ball, location: 9LMF
0-2: Strikes out swinging
Batting: LHB Brenton Collins 0-0: Ball
1-0: SINGLE (Groundball, 4MD, EV 95.0 MPH)
Octávio Herrera to third
Cedric Young to second
Runner from 3rd tries for Home, SAFE, throw by CF to home
Batting: LHB Harvey Howell 0-0: SINGLE (Groundball, 6MD, EV 110.6 MPH)
Cedric Young to third
Brenton Collins to second
Runner from 3rd tries for Home, SAFE, throw by CF to home
Batting: LHB Ed Kranepool 0-0: Fly out, F8 (Flyball, 8RM, EV 90.6 MPH)
Bottom of the 1st over - 3 runs, 5 hits, 0 errors, 2 left on base; Stittsville 2 - Savannah 3
TOP OF THE 2ND
Stittsville Lightning batting - Pitching for Savannah Indians : RHP Mike Jones
Batting: RHB Elijah Anderson 0-0: Called Strike
0-1: Swinging Strike
0-2: Strikes out swinging
Batting: RHB Archie Major 0-0: Ground out 6-3 (Groundball, 6S, EV 68.1 MPH)
Batting: LHB Lou McCarty 0-0: Called Strike
0-1: Ball
1-1: Called Strike
1-2: Strikes out swinging
Top of the 2nd over - 0 runs, 0 hits, 0 errors, 0 left on base; Stittsville 2 - Savannah 3
BOTTOM OF THE 2ND
Savannah Indians batting - Pitching for Stittsville Lightning : RHP Mark Acosta
Batting: RHB Hector Torres 0-0: Ball
1-0: Foul Ball, location: 7LDF
1-1: Ball
2-1: Called Strike
2-2: Fly out, F7 (Flyball, 7LSF, EV 92.5 MPH)
Batting: LHB Greg Parks 0-0: Ball
1-0: SINGLE (Groundball, 34D, EV 100.0 MPH)
Batting: LHB Octávio Herrera Pickoff Play to 1st, Runner tries for 2nd, OUT after rundown.
0-0: Fly out, F2 (Popup, 23F, EV 88.8 MPH)
Bottom of the 2nd over - 0 runs, 1 hit, 0 errors, 0 left on base; Stittsville 2 - Savannah 3
TOP OF THE 3RD
Stittsville Lightning batting - Pitching for Savannah Indians : RHP Mike Jones
Batting: RHB Shawn Holmes 0-0: Called Strike
0-1: Called Strike
0-2: Ball
1-2: Strikes out swinging
Batting: RHB Ben Thompson 0-0: Ball
1-0: Foul Ball, location: 5DF
1-1: SINGLE (Groundball, 6MD, EV 98.1 MPH)
Batting: LHB Edward McCarthy 0-0: Ball
Wild Pitch!
Ben Thompson to second
1-0: Fly out, F7 (Line Drive, 7LM, EV 96.9 MPH)
Batting: RHB Broderick Hutchins 0-0: Ball
1-0: Foul Ball, location: 23F
1-1: Called Strike
1-2: Ball
2-2: Foul Ball, location: 2F
2-2: Strikes out swinging
Top of the 3rd over - 0 runs, 1 hit, 0 errors, 1 left on base; Stittsville 2 - Savannah 3
BOTTOM OF THE 3RD
Savannah Indians batting - Pitching for Stittsville Lightning : RHP Mark Acosta
Batting: RHB Cedric Young 0-0: Swinging Strike
0-1: Foul Ball, location: 7LSF
0-2: Hit by Pitch
Batting: LHB Duke Sims 0-0: Swinging Strike
0-1: Swinging Strike
0-2: Ball
1-2: Ball
2-2: Strikes out swinging
Batting: RHB Jeff Burroughs 0-0: Ball
1-0: Called Strike
1-1: Foul Ball, location: 3SF
1-2: Ball
2-2: Strikes out swinging
Batting: LHB Brenton Collins 0-0: Foul Ball, location: 23FF
0-1: Called Strike
0-2: Ground out 4-3 (Groundball, 34, EV 86.9 MPH)
Bottom of the 3rd over - 0 runs, 0 hits, 0 errors, 1 left on base; Stittsville 2 - Savannah 3
TOP OF THE 4TH
Stittsville Lightning batting - Pitching for Savannah Indians : RHP Mike Jones
Batting: RHB Adrián Pérez 0-0: Ground out 6-3 (Groundball, 6, EV 102.5 MPH)
Batting: RHB Brian Gibson 0-0: Called Strike
0-1: Fly out, F8 (Flyball, 8RXD, EV 111.9 MPH)
Batting: RHB Elijah Anderson 0-0: Ball
1-0: Called Strike
1-1: Ground out 5-3 (Groundball, 56S, EV 89.4 MPH)
Top of the 4th over - 0 runs, 0 hits, 0 errors, 0 left on base; Stittsville 2 - Savannah 3
BOTTOM OF THE 4TH
Savannah Indians batting - Pitching for Stittsville Lightning : RHP Mark Acosta
Batting: LHB Harvey Howell 0-0: Called Strike
0-1: Ball
1-1: Ball
2-1: Ball
3-1: Fly out, F9 (Flyball, 9D, EV 109.4 MPH)
Batting: LHB Ed Kranepool 0-0: Ball
1-0: Called Strike
1-1: Ball
2-1: Swinging Strike
2-2: Strikes out looking
Batting: RHB Hector Torres 0-0: Ball
1-0: Ball
2-0: Fly out, F8 (Flyball, 8LM, EV 94.4 MPH)
Bottom of the 4th over - 0 runs, 0 hits, 0 errors, 0 left on base; Stittsville 2 - Savannah 3
TOP OF THE 5TH
Stittsville Lightning batting - Pitching for Savannah Indians : RHP Mike Jones
Batting: RHB Archie Major 0-0: Ball
1-0: Ball
2-0: Called Strike
2-1: Called Strike
2-2: SINGLE (Groundball, 5S, EV 73.1 MPH) (infield hit)
Batting: LHB Lou McCarty 0-0: Sac Bunt to 15S - play at first, batter safe!
Archie Major to second
Batting: RHB Shawn Holmes 0-0: Bunted foul
0-1: Bunted foul
0-2: Ball
1-2: Foul Ball, location: 2F
1-2: Ball
2-2: Foul Ball, location: 2F
2-2: SINGLE (Groundball, 4M, EV 99.4 MPH) (infield hit)
Archie Major to third
Lou McCarty to second
Batting: RHB Ben Thompson 0-0: Ball
1-0: Ball
2-0: Ball
3-0: Called Strike
3-1: Fly out, F9 (Line Drive, 89M, EV 97.5 MPH)
Runner from 3rd tags up, OUT at HOME! 9-2
Lou McCarty to third
Shawn Holmes to second
Batting: LHB Edward McCarthy 0-0: Called Strike
0-1: Swinging Strike
0-2: Foul Ball, location: 7LSF
0-2: Ball
1-2: Ball
2-2: Fly out, F3 (Popup, 3S, EV 69.4 MPH)
Top of the 5th over - 0 runs, 3 hits, 0 errors, 2 left on base; Stittsville 2 - Savannah 3
BOTTOM OF THE 5TH
Savannah Indians batting - Pitching for Stittsville Lightning : RHP Mark Acosta
Batting: LHB Greg Parks 0-0: Ball
1-0: Ground out 4-3 (Groundball, 4S, EV 79.4 MPH)
Batting: LHB Octávio Herrera 0-0: Swinging Strike
0-1: Ball
1-1: Swinging Strike
1-2: Strikes out swinging
Batting: RHB Cedric Young 0-0: Ball
1-0: SOLO HOME RUN (Flyball, 7LD, EV 97.5 MPH), Distance : 343 ft
Batting: LHB Duke Sims 0-0: Ball
1-0: Ball
2-0: SINGLE (Line Drive, 3D, EV 106.3 MPH)
Batting: RHB Jeff Burroughs 0-0: Ball
1-0: Called Strike
1-1: Called Strike
1-2: SINGLE (Groundball, 4D, EV 96.9 MPH)
Duke Sims to second
Runner from 2nd tries for 3rd, SAFE, throw by CF made to third
Batting: LHB Brenton Collins 0-0: Ball
1-0: Foul Ball, location: 2F
1-1: Foul Ball, location: 7LDF
1-2: Strikes out looking
Bottom of the 5th over - 1 run, 3 hits, 0 errors, 2 left on base; Stittsville 2 - Savannah 4
TOP OF THE 6TH
Stittsville Lightning batting - Pitching for Savannah Indians : RHP Mike Jones
Batting: RHB Broderick Hutchins 0-0: Ball
1-0: Called Strike
1-1: Ball
2-1: Called Strike
2-2: Foul Ball, location: 5F
2-2: Ball
3-2: Ground out 5-3 (Groundball, 56, EV 88.8 MPH)
Batting: RHB Adrián Pérez 0-0: Ball
1-0: Swinging Strike
1-1: Swinging Strike
1-2: Ball
2-2: Strikes out swinging, 2-3 out at first.
Batting: RHB Brian Gibson 0-0: Ball
1-0: Called Strike
1-1: Called Strike
1-2: Ball
2-2: Foul Ball, location: 2F
2-2: Strikes out looking
Top of the 6th over - 0 runs, 0 hits, 0 errors, 0 left on base; Stittsville 2 - Savannah 4
BOTTOM OF THE 6TH
Savannah Indians batting - Pitching for Stittsville Lightning : RHP Mark Acosta
Batting: LHB Harvey Howell 0-0: Called Strike
0-1: Ball
1-1: Ground out 4-3 (Groundball, 4, EV 88.8 MPH)
Batting: LHB Ed Kranepool 0-0: Ball
1-0: Foul Ball, location: 5F
1-1: Foul Ball, location: 25F
1-2: Ball
2-2: Strikes out swinging
Batting: RHB Hector Torres 0-0: Ball
1-0: Called Strike
1-1: Ball
2-1: Foul Ball, location: 5F
2-2: SOLO HOME RUN (Flyball, 9LD, EV 95.6 MPH), Distance : 352 ft
Batting: LHB Greg Parks 0-0: Called Strike
0-1: Fly out, F7 (Flyball, 7D, EV 104.4 MPH)
Bottom of the 6th over - 1 run, 1 hit, 0 errors, 0 left on base; Stittsville 2 - Savannah 5
TOP OF THE 7TH
Stittsville Lightning batting - Pitching for Savannah Indians : RHP Mike Jones
Batting: RHB Elijah Anderson 0-0: Ball
1-0: Ball
2-0: Ball
3-0: Called Strike
3-1: Foul Ball, location: 25F
3-2: Fly out, F9 (Line Drive, 9, EV 90.0 MPH)
Batting: RHB Archie Major 0-0: Ball
1-0: Foul Ball, location: 5FF
1-1: Ground out 6-3 (Groundball, 6, EV 84.4 MPH)
Batting: LHB Lou McCarty 0-0: Called Strike
0-1: Ball
1-1: Ball
2-1: Fly out, F7 (Flyball, 78XD, EV 98.8 MPH)
Top of the 7th over - 0 runs, 0 hits, 0 errors, 0 left on base; Stittsville 2 - Savannah 5
BOTTOM OF THE 7TH
Savannah Indians batting - Pitching for Stittsville Lightning : RHP Mark Acosta
Pitching: RHP Tom Timmermann
Batting: LHB Octávio Herrera 0-0: Ball
1-0: SINGLE (Groundball, 56D, EV 106.9 MPH)
Batting: RHB Cedric Young 0-0: Called Strike
0-1: Ball
1-1: Foul Ball, location: 25F
1-2: Ball
2-2: Ball
3-2: 2-RUN HOME RUN (Flyball, 78XD, EV 101.9 MPH), Distance : 418 ft
Batting: LHB Duke Sims 0-0: Called Strike
0-1: Foul Ball, location: 2F
0-2: Ball
1-2: Fly out, F9 (Flyball, 89M, EV 77.5 MPH)
Batting: RHB Jeff Burroughs 0-0: Ball
1-0: Ball
2-0: Foul Ball, location: 5F
2-1: Foul Ball, location: 3FF
2-2: Foul Ball, location: 2F
2-2: Foul Ball, location: 2F
2-2: Ground out 6-3 (Groundball, 56, EV 85.6 MPH)
Batting: LHB Brenton Collins 0-0: Called Strike
0-1: Foul Ball, location: 23F
0-2: Strikes out looking
Bottom of the 7th over - 2 runs, 2 hits, 0 errors, 0 left on base; Stittsville 2 - Savannah 7
TOP OF THE 8TH
Stittsville Lightning batting - Pitching for Savannah Indians : RHP Mike Jones
Batting: RHB Shawn Holmes 0-0: Swinging Strike
0-1: Ball
1-1: Foul Ball, location: 7LDF
1-2: Ground out 6-3 (Groundball, 6, EV 81.3 MPH)
Pitching: LHP William Burnett
Batting: RHB Ben Thompson 0-0: Called Strike
0-1: Foul Ball, location: 25F
0-2: Foul Ball, location: 23FF
0-2: Ball
1-2: Foul Ball, location: 2F
1-2: Ball
2-2: Foul Ball, location: 2F
2-2: Foul Ball, location: 7LMF
2-2: Foul Ball, location: 5F
2-2: Ground out 6-3 (Groundball, 6, EV 102.5 MPH)
Pinch Hitting: SHB Brenton Mason 0-0: Ball
1-0: Fly out, F8 (Flyball, 8RXD, EV 110.6 MPH)
Top of the 8th over - 0 runs, 0 hits, 0 errors, 0 left on base; Stittsville 2 - Savannah 7
BOTTOM OF THE 8TH
Savannah Indians batting - Pitching for Stittsville Lightning : RHP Tom Timmermann
Now at 1B: Bob Guevara
Batting: LHB Harvey Howell 0-0: Ground out 2-3 (Groundball, 2R, EV 63.1 MPH)
Batting: LHB Ed Kranepool 0-0: Ball
1-0: Called Strike
1-1: Called Strike
1-2: Strikes out looking
Batting: RHB Hector Torres 0-0: Ball
1-0: Called Strike
1-1: Ball
2-1: Swinging Strike
2-2: Strikes out swinging
Bottom of the 8th over - 0 runs, 0 hits, 0 errors, 0 left on base; Stittsville 2 - Savannah 7
TOP OF THE 9TH
Stittsville Lightning batting - Pitching for Savannah Indians : LHP William Burnett
Batting: RHB Broderick Hutchins 0-0: Swinging Strike
0-1: Called Strike
0-2: Foul Ball, location: 3F
0-2: Strikes out swinging
Batting: RHB Adrián Pérez 0-0: SINGLE (Line Drive, 78M, EV 89.4 MPH)
Batting: RHB Brian Gibson 0-0: Swinging Strike
0-1: Called Strike
0-2: Strikes out swinging
Pitching: LHP Masakado Fujii
Batting: RHB Elijah Anderson 0-0: Called Strike
0-1: Called Strike
0-2: Ball
1-2: Ball
2-2: Ball
3-2: Foul Ball, location: 2F
3-2: Ground out 6-3 (Groundball, 6M, EV 101.9 MPH)
Top of the 9th over - 0 runs, 1 hit, 0 errors, 1 left on base; Stittsville 2 - Savannah 7
Wednesday, April 17th , 2024 - OOTP Baseball 24.8 Build 75